 Dungeon Crawl Stone Soup version 0.30-a0-1114-gd936c97349 (webtiles) character file.

Game seed: 4779544750334637729

455 cforsyth the Covered (level 6, 0/53 HPs)
             Began as a Demigod Fighter on Apr 20, 2023.
             Slain by an ogre
             ... wielding a +0 giant club
              (25 damage)
             ... on level 3 of the Dungeon.
             The game lasted 00:07:25 (3697 turns).

cforsyth the Covered (Demigod Fighter)              Turns: 3697, Time: 00:07:26

Health: 0/53       AC: 14    Str: 25    XL:     6   Next: 47%
Magic:  8/8        EV:  6    Int: 10    God:
Gold:   201        SH:  4    Dex: 13    Spells: 5/5 levels left

rFire   + . .      SeeInvis .    a - +0 flail
rCold   . . .      Faith    .    c - +0 buckler
rNeg    . . .      Spirit   .    p - +0 plate armour
rPois   .          Reflect  .    (no helmet)
rElec   .          Rampage  .    x - +0 cloak
rCorr   .                        (no gloves)
Will    .....                    y - +0 pair of boots Stlth
                                 (no amulet)
HPRegen 0.28/turn                g - ring of protection from fire
MPRegen 0.11/turn                (no ring)

@: no status effects
A: high MP 1, forlorn, divine attributes
a: no special abilities


You were on level 3 of the Dungeon.
You visited 1 branch of the dungeon, and saw 5 of its levels.

You collected 201 gold pieces.

Inventory:

Hand Weapons
 a - a +0 flail (weapon)
Missiles
 u - 2 throwing nets (quivered)
Armour
 b - a +0 scale mail
 c - a +0 buckler (worn)
 j - a +0 chain mail
 p - a +0 plate armour (worn)
 x - a +0 cloak (worn)
 y - a +0 pair of boots (worn)
Jewellery
 g - a ring of protection from fire (left hand)
 s - a ring of protection from cold
Wands
 D - a wand of digging (3)
Scrolls
 d - a scroll of brand weapon {unknown}
 e - a scroll of vulnerability {unknown}
 i - 4 scrolls of identify {unknown}
 k - 3 scrolls of enchant armour {unknown}
 l - 3 scrolls of immolation {unknown}
 q - a scroll of fog {unknown}
 r - 2 scrolls of teleportation {unknown}
 t - a scroll of noise {unknown}
 v - a scroll of poison {unknown}
 w - a scroll of acquirement {unknown}
 C - a scroll of enchant weapon {unknown}
Potions
 f - 2 potions of haste {unknown}
 h - a potion of curing {unknown}
 m - a potion of degeneration {unknown}
 n - 3 potions of heal wounds {unknown}
 o - 2 potions of mutation {unknown}
 z - a potion of lignification {unknown}
 A - a potion of ambrosia {unknown}
 B - a potion of berserk rage {unknown}


   Skills:
 + Level 4.5 Fighting
 + Level 4.0 Maces & Flails
 + Level 4.5 Armour
 - Level 2.8 Shields


You had 5 spell levels left.
You didn't know any spells.
Your spell library contained the following spells:

 Spells                   Type           Power      Damage    Failure   Level
 Blink                    Tloc           0%         N/A       100%        2
 Lesser Beckoning         Tloc           0%         N/A       100%        2
 Momentum Strike          Conj/Tloc      0%         3d8       100%        2
 Portal Projectile        Hex/Tloc       0%         N/A       100%        3
 Tukima's Dance           Hex            0%         N/A       100%        3
 Blade Hands              Tmut           0%         N/A       100%        5


Dungeon Overview and Level Annotations

Branches:
Dungeon (5/15)             Temple (0/1) D:5

Annotations:
D:4 Edmund


Innate Abilities, Weirdness & Mutations

You have an increased reservoir of magic. (+10% MP)
You shall have no god before yourself.
Your divine heritage dramatically boosts your attributes as you level up.


Message History

There is a stone staircase leading up here.
You climb upwards.
Level annotation: Edmund
There is a stone staircase leading down here.
You now have 201 gold pieces (gained 15).
n - 3 sedimented blue potions (gained 1)
Things that are here:
7 stones; a +0 club
There is an open door here.
Edmund shouts!
Edmund says, "You wouldn't believe how much I paid for this flail."
There is an open door here.
Edmund gestures with his flail.
Edmund throws a stone.
The stone hits you but does no damage.
Things that are here:
a +0 scale mail; a +0 hand axe
There is a stone staircase leading up, spattered with blood here.
You climb upwards.
There is a stone staircase leading down here.
There is a stone staircase leading up here.
An ogre is nearby!
An ogre is nearby!
An ogre is nearby!
An ogre is nearby!
The ogre shouts!
You barely miss the ogre. You block the ogre's attack.
You barely miss the ogre.
The ogre hits you with a +0 giant club!!
Ouch! That really hurt!
You are too injured to fight recklessly!
You are too injured to fight recklessly!
You are too injured to fight recklessly!
You are too injured to fight recklessly!
You are too injured to fight recklessly!
You are too injured to fight recklessly!
You are too injured to fight recklessly!
You closely miss the ogre. You barely miss the ogre.
The ogre hits you with a +0 giant club!!
You die...

###.####.............## #.##.....
.<.............[......###.##.#...
.###.###.........................
.# #.# ######...#######...#####..
O###.# #...# ###...#####.# .....#
###...### #....)...>..# ###.##
#.......###<...(..[..## ###.#
#.#...........[...##.## ..#.#
#.##..@...##....####... #.#O#
#####.##..O...##....# #..#
#.#.###......#.#..#.##.#### #..#
........##.............##### #>..
#.##.#.....#.#.#...........# #..#
#.##....###..............#.# #..#
..###.#.###..####...#.##.#.# #...
##...........# #...#....#.# ####
#.##.)####.##......#.#..#.#


You could see an ogre.

Vanquished Creatures
  A water moccasin (D:5)
  A phantom (D:4)
  A scorpion (D:5)
  A hound (D:5)
  A jelly (D:5)
  An iguana (D:5)
  2 adders
  4 gnolls (D:2)
  A white imp (D:5)
  An ufetubus (D:5)
  2 dart slugs (D:1)
  3 orcs
  9 ball pythons
  4 endoplasms
  A giant cockroach (D:1)
  6 goblins
  6 hobgoblins
  3 quokkas
  A bat (D:1)
  4 frilled lizards
  4 kobolds
57 creatures vanquished.

Notes
Turn   | Place    | Note
-------+----------+-------------------------------------------
     0 | D:1      | cforsyth the Demigod Fighter began the quest for the Orb.
     0 | D:1      | Reached XP level 1. HP: 18/18 MP: 3/3
   133 | D:1      | Reached XP level 2. HP: 25/25 MP: 4/4
  1016 | D:2      | You fall into a shaft and drop 2 floors!
  1046 | D:4      | Noticed Edmund
  1052 | D:5      | Entered Level 5 of the Dungeon
  1275 | D:2      | Reached XP level 3. HP: 30/31 MP: 5/5
  1513 | D:2      | Reached XP level 4. HP: 38/38 MP: 6/6
  1802 | D:3      | Noticed an ogre
  2209 | D:4      | Noticed a phantom
  2231 | D:4      | Killed a phantom
  2232 | D:4      | Reached XP level 5. HP: 46/46 MP: 7/7
  2858 | D:5      | Noticed a two-headed ogre
  3069 | D:5      | Found a staircase to the Ecumenical Temple.
  3238 | D:5      | Noticed a water moccasin
  3252 | D:5      | Killed a water moccasin
  3253 | D:5      | Reached XP level 6. HP: 32/53 MP: 8/8
  3697 | D:3      | Slain by an ogre

Illustrated notes

Levels and vault maps discovered:
D:1:      shiori_shiawase, layout_basic
D:2:      layout_rooms
D:3:      layout_loops_cross
D:4:      layout_basic, uniq_edmund
D:5:      layout_basic, kennysheep_mini_moat,
          minmay_temple_entry_statues_fountains

Skill      XL: |  1  2  3  4  5  6 |
---------------+-------------------+-----
Maces & Flails | 2 3 4 |  4.0
Fighting       | 3 4 |  4.5
Armour         | 3 4 |  4.5
Shields        | |  2.8

Action                     |  1- 3 |  4- 6 || total
---------------------------+-------+-------++-------
  Melee: Flail             |    95 |   118 ||   213
    Use: Potion            |       |     1 ||     1
 Armour: Scale mail        |    21 |       ||    21
         Chain mail        |    10 |       ||    10
         Plate armour      |    20 |    76 ||    96
  Dodge: Dodged            |    30 |    22 ||    52
  Block: Buckler           |    18 |    28 ||    46

Table legend: (Time is in decaauts)
 A = Elapsed time spent in this place.
 B = Non-inter-level travel time spent in this place.
 C = Inter-level travel time spent in this place.
 D = Time resting spent in this place.
 E = Time spent auto-exploring this place.
 F = Levels seen in this place.
 G = Mean time per level.
                   A        B        C        D        E       F      G
               +--------+--------+--------+--------+--------+-----+--------+
         Total |   3763 |   3619 |    144 |     30 |   2462 |   5 |  752.6 |
       Dungeon |   3763 |   3619 |    144 |     30 |   2462 |   5 |  752.6 |
               +--------+--------+--------+--------+--------+-----+--------+

Top non-repeatable levels by time:
     D:5: 1120 daAuts
     D:1: 904 daAuts
     D:2: 605 daAuts
     D:4: 569 daAuts
     D:3: 562 daAuts
